 Dungeon Crawl Stone Soup version 0.31.0-12-g77e489cdc1 (webtiles) character file.

Game seed: 17792056120782304300

1698 KKCryptic the Chucker (level 8, -3/56 HPs)
             Began as a Demonspawn Gladiator on Feb 13, 2024.
             Was an Initiate of Yredelemnul.
             Slain by a sixfirhy (11 damage)
             ... summoned by an orc sorcerer
             ... in a bailey.
             The game lasted 00:28:34 (5926 turns).

KKCryptic the Chucker (Demonspawn Gladiator)        Turns: 5926, Time: 00:28:35

Health: -3/56      AC: 15    Str: 15    XL:     8   Next: 72%
Magic:  8/8        EV:  9    Int: 13    God:    Yredelemnul [......]
Gold:   278        SH:  5    Dex: 12    Spells: 7/7 levels left

rFire   + + +        o - +10 mace of Shrieking Optimality {freeze, Int+2}
rCold   . . .        C - +0 buckler
rNeg    . . .        t - +0 scale mail of Noughts and Crosses {Rampage rF++ Dex-2 Stlth+}
rPois   +            c - +0 helmet
rElec   .            (no cloak)
rCorr   .            I - +1 pair of gloves {Stlth+}
SInv    .            (no boots)
Will    .....        (no amulet)
Stlth   ++           w - +4 ring of protection
HPRegen 0.29/turn    L - ring "Unilaata" {^Drain rPois rF++}
MPRegen 0.11/turn

%: rampage
@: no status effects
A: hooves 2, thin metallic scales 1, demonic guardian 3
a: Renounce Religion, Recall Undead Harvest


You were in a bailey.
You worshipped Yredelemnul.
Yredelemnul was noncommittal.
You visited 1 branch of the dungeon, and saw 7 of its levels.
You also visited: Bailey.

You collected 278 gold pieces.

Inventory:

Hand Weapons
 a - a +0 trident
 n - a +1 dagger of venom
 o - the +10 mace of Shrieking Optimality (weapon) {freeze, Int+2}
   (You found it on level 2 of the Dungeon)

   Int+2:     It affects your intelligence (+2).
 B - a +0 morningstar
Missiles
 d - 3 throwing nets
 s - 3 curare-tipped darts
 J - 6 poisoned darts
Armour
 c - a +0 helmet (worn)
 i - a +0 plate armour
 t - the +0 scale mail of Noughts and Crosses (worn) {Rampage rF++ Dex-2 Stlth+}
   (You found it on level 2 of the Dungeon)

   Dex-2:     It affects your dexterity (-2).
   rF++:      It greatly protects you from fire.
   Rampage:   It bestows one free step when moving towards enemies.
   Stlth+:    It makes you more stealthy.
 C - a +0 buckler (worn)
 I - a +1 pair of gloves of stealth (worn)
Jewellery
 w - a +4 ring of protection (left hand)
 y - a +6 ring of intelligence
 L - the ring "Unilaata" (right hand) {^Drain rPois rF++}
   (You found it on level 6 of the Dungeon)

   [ring of poison resistance]

   rF++:      It greatly protects you from fire.
   rPois:     It protects you from poison ^Drain: It drains your maximum health
   when unequipped.
Wands
 q - a wand of roots (11)
 D - a wand of digging (8)
Scrolls
 h - 3 scrolls of identify
 j - 2 scrolls of vulnerability
 l - 3 scrolls of blinking
 m - 2 scrolls of noise
 p - 2 scrolls of fog
 u - a scroll of immolation
 v - a scroll of teleportation
 z - a scroll of fear {unknown}
 A - a scroll of revelation {unknown}
 E - a scroll of amnesia {unknown}
 F - a scroll of enchant armour {unknown}
 K - a scroll of silence {unknown}
Potions
 b - a potion of magic {unknown}
 e - 2 potions of curing {unknown}
 g - 3 potions of enlightenment
 r - a potion of heal wounds {unknown}
 x - 3 potions of might {unknown}
 G - 2 potions of attraction {unknown}
 H - a potion of brilliance {unknown}
 M - a potion of resistance {unknown}


   Skills:
 - Level 2.0 Fighting
 - Level 0.4 Short Blades
 + Level 5.7 Maces & Flails
 - Level 3.2 Polearms
 + Level 6.4 Throwing
 - Level 2.6 Dodging
 - Level 5.0 Shields


You had 7 spell levels left.
You didn't know any spells.
Your spell library contained the following spells:

 Spells                   Type           Power      Damage    Failure   Level
 Magic Dart               Conj           0%         1d3       86%         1
 Necrotise                Necr           0%         1d4       86%         1
 Blink                    Tloc           0%         N/A       94%         2
 Call Imp                 Summ           0%         N/A       94%         2
 Ensorcelled Hibernation  Hex/Ice        0%         N/A       94%         2
 Scorch                   Fire           0%         2d5       94%         2
 Passwall                 Erth           0%         N/A       99%         3
 Swiftness                Air            0%         N/A       99%         3
 Vampiric Draining        Necr           0%         2d6       99%         3
 Flame Wave               Conj/Fire      0%         2d4       100%        4
 Martyr's Knell           Necr/Summ      0%         N/A       100%        4
 Curse of Agony           Necr           0%         N/A       100%        5
 Summon Cactus Giant      Summ           0%         N/A       100%        6


Dungeon Overview and Level Annotations

Branches:
Dungeon (7/15)             Temple (0/1) D:4          Bailey (1/1)

Altars:
Hepliaklqana
Sif Muna
Vehumet
Yredelemnul

Shops:
D:4 :


Innate Abilities, Weirdness & Mutations

You have hoof-like feet.
You are partially covered in thin metallic scales. (AC +2)
A powerful demonic guardian rushes to your aid.


Message History

The sixfirhy hits you but does no damage.
You block the orc sorcerer's attack.
The orc sorcerer barely misses your orc warrior zombie.
You closely miss the orc sorcerer.
The orc sorcerer is lightly wounded.
Your orc warrior zombie hits the orc sorcerer but does no damage.
The orc sorcerer casts a spell.
You swap places.
Your orc warrior zombie barely misses the orc sorcerer.
The orc sorcerer hits you but does no damage.
The orc sorcerer hits your orc warrior zombie with a +0 war axe.
The soul eater hits you.
* * * LOW HITPOINT WARNING * * *
There is an open door here.
You swap places.
The sixfirhy hits your orc warrior zombie!
The sixfirhy shocks your orc warrior zombie!
Your orc warrior zombie is destroyed!
The sixfirhy barely misses your orc warrior zombie.
The orc sorcerer hits your orc warrior zombie with a +0 war axe!
Your orc warrior zombie closely misses the orc sorcerer.
The soul eater hits your orc warrior zombie!
What are your orders? t - Shout!
Orders for allies: a - Attack new target. r - Retreat! s - Stop attacking. g - Guard the area. f - Follow me.
Anything else - Cancel.
Gang up on whom?
Press: ? - help, Dir - move target, f - orc sorcerer
Aim: an orc sorcerer, wielding a +0 war axe and wearing a +0 scale mail (ally target) Attack!
The sixfirhy hits your orc warrior zombie!
The sixfirhy shocks your orc warrior zombie!
Your orc warrior zombie is destroyed!
You block the sixfirhy's attack. The sixfirhy hits you!
* * * LOW HITPOINT WARNING * * *
The sixfirhy shocks you!
You die...
Your body rises from the dead as a mindless zombie.

#### +..#
###############..#+#
#.......#)...@3o..(#
#.8.8.8.)).)..#3...#
####.).##############.#
#......# .~≈ #......#
~≈≈ #''##### ≈≈≈
#.....# ≈≈≈ '.)...#
'.)⌠..#


You could see a soul eater (summoned), a sixfirhy (summoned) and an orc
sorcerer.

Vanquished Creatures
  5 orc warriors (Bailey)
  2 ogres (D:5)
  A black bear (D:4)
  2 phantoms
  A scorpion (D:7)
  2 bombardier beetles
  2 hounds (D:5)
  A jelly (D:6)
  2 orc priests
  5 sleepcaps
  Terence (D:3)
  3 iguanas (D:6)
  An orc wizard (D:7)
  6 gnolls
  2 adders
  3 ribbon worms (D:2)
  3 dart slugs
  19 orcs
  5 ball pythons
  15 bats
  8 endoplasms
  6 giant cockroaches
  10 goblins
  7 hobgoblins
  3 jackals (D:5)
  4 quokkas
  2 frilled lizards
  A kobold (D:3)
  6 rats
128 creatures vanquished.

Vanquished Creatures (collateral kills)
  A hound (D:5)
  An orc priest (D:4)
  An adder (D:5)
  3 orcs
  A ball python (D:4)
  A goblin (Bailey)
  A hobgoblin (D:3)
9 creatures vanquished.

Vanquished Creatures (others)
  A gnoll zombie (Bailey)
  A bombardier beetle zombie (D:7)
  3 goblin zombies
  A hobgoblin zombie (Bailey)
  6 orc zombies
12 creatures vanquished.

Grand Total: 149 creatures vanquished

Notes
Turn   | Place    | Note
-------+----------+-------------------------------------------
     0 | D:1      | KKCryptic the Demonspawn Gladiator began the quest for the
                  | Orb.
     0 | D:1      | Reached XP level 1. HP: 16/16 MP: 1/1
    78 | D:1      | Reached skill level 2 in Throwing
   269 | D:1      | Gained mutation: You are partially covered in thin metallic
                  | scales. (AC +2) [demonic ancestry]
   269 | D:1      | Reached XP level 2. HP: 22/22 MP: 2/2
   764 | D:1      | Gained mutation: A weak demonic guardian rushes to your
                  | aid. [demonic ancestry]
   764 | D:1      | Reached XP level 3. HP: 27/27 MP: 3/3
  1011 | D:2      | Identified the +10 mace of Shrieking Optimality {freeze,
                  | Int+2}
  1492 | D:2      | Reached skill level 1 in Maces & Flails
  1539 | D:2      | Reached skill level 3 in Throwing
  1613 | D:2      | Identified the +0 scale mail of Noughts and Crosses
                  | {Rampage rF++ Dex-2 Stlth+}
  2137 | D:3      | Gained mutation: You have large cloven feet. [demonic
                  | ancestry]
  2137 | D:3      | Reached XP level 4. HP: 33/33 MP: 4/4
  2394 | D:3      | Found a faded altar of an unknown god.
  2628 | D:3      | Noticed Terence
  2633 | D:3      | Killed Terence
  2708 | D:3      | Found a basalt altar of Yredelemnul.
  2716 | D:3      | Became a worshipper of Yredelemnul the Dark
  2812 | D:4      | Found a hazy altar of Hepliaklqana.
  2859 | D:4      | Gained mutation: A demonic guardian rushes to your aid.
                  | [demonic ancestry]
  2859 | D:4      | Reached XP level 5. HP: 38/38 MP: 5/5
  2895 | D:4      | Found a staircase to the Ecumenical Temple.
  3062 | D:4      | Reached skill level 1 in Shields
  3065 | D:4      | Noticed a black bear
  3073 | D:4      | Killed a black bear
  3074 | D:4      | Reached skill level 4 in Throwing
  3074 | D:4      | Gained mutation: You have hoof-like feet. [demonic
                  | ancestry]
  3074 | D:4      | Reached XP level 6. HP: 11/44 MP: 6/6
  3840 | D:4      | Found Leuxtes's Book Shoppe.
  4174 | D:5      | Entered Level 5 of the Dungeon
  4306 | D:5      | Reached XP level 7. HP: 50/50 MP: 7/7
  4308 | D:5      | Reached * piety under Yredelemnul
  4356 | D:5      | Reached ** piety under Yredelemnul
  4397 | D:5      | Reached skill level 5 in Throwing
  4909 | D:6      | Found a radiant altar of Vehumet.
  5008 | D:6      | Identified the ring "Unilaata" {^Drain rPois rF++}
  5397 | D:6      | Gained mutation: A powerful demonic guardian rushes to your
                  | aid. [demonic ancestry]
  5397 | D:6      | Reached XP level 8. HP: 56/56 MP: 8/8
  5651 | D:7      | Found a shimmering blue altar of Sif Muna.
  5691 | D:7      | Found a flagged portal.
  5698 | Bailey   | Entered a bailey
  5720 | Bailey   | Reached skill level 5 in Maces & Flails
  5875 | Bailey   | Reached skill level 6 in Throwing
  5917 | Bailey   | Noticed an orc sorcerer
  5919 | Bailey   | Noticed a sixfirhy
  5921 | Bailey   | Reached skill level 5 in Shields
  5924 | Bailey   | Noticed a soul eater
  5926 | Bailey   | Slain by a sixfirhy

Illustrated notes

Levels and vault maps discovered:
D:1:      dpeg_arrival_chambers_temple_mockup, layout_loops_ring, minivault_25,
          minmay_misc_feat_rugged, corexii_corridor_pit
D:2:      layout_basic, item_on_display_a
D:3:      layout_rooms, marbit_many_paths, shapermc_ecumenical_altar_venn,
          roderic_batcave, moated_statue, chequers_serial_rivers_small_b,
          uniq_terence
D:4:      layout_layer_cave, mainiacjoe_overflow_surrounded_room,
          minmay_temple_entry_proselytizer, serial_shops,
          nicolae_book_shop_shelving
D:5:      layout_rooms, dk_noncrumbling_3
D:6:      layout_loops_ring, amethyst_overflow_temple_binary
D:7:      layout_layer_cave, mainiacjoe_overflow_paths,
          mainiacjoe_overflow_divided_tiny, enter_bailey_3
Bailey:   bailey_axe_of_yendor_kennysheep, bailey

Skill      XL: |  1  2  3  4  5  6  7  8 |
---------------+-------------------------+-----
Throwing       | 2 3 4 5 6 |  6.4
Polearms       | 3 |  3.2
Maces & Flails | 1 2 3 4 5 |  5.7
Shields        | 1 2 3 5 |  5.0
Fighting       | |  2.0
Short Blades   | |  0.4
Dodging        | |  2.6

Action                     |  1- 3 |  4- 6 |  7- 9 || total
---------------------------+-------+-------+-------++-------
  Melee: Trident           |    47 |       |       ||    47
         Dagger            |    16 |       |       ||    16
         Mace              |    36 |    67 |   111 ||   214
         Kick              |       |    14 |    23 ||    37
  Throw: Javelin           |    12 |       |    10 ||    22
         Boomerang         |       |    50 |     9 ||    59
         Dart              |       |       |     3 ||     3
 Invoke: Recall Undead Har |       |       |     3 ||     3
         Dark Bargain      |       |       |     1 ||     1
  Evoke: Wand              |       |     2 |     1 ||     3
    Use: Scroll            |       |       |     8 ||     8
 Armour: Leather armour    |    13 |       |       ||    13
         Plate armour      |    46 |       |       ||    46
         Scale mail        |     6 |    57 |    86 ||   149
  Dodge: Dodged            |    27 |    33 |    45 ||   105
  Block: Buckler           |       |     2 |    31 ||    33
